 Dungeon Crawl Stone Soup version 0.19.4-8-ga85b6b9 (console) character file.

196 Grinner the Ducker (level 5, -3/25 HPs)
             Began as a Spriggan Transmuter on Feb 8, 2017.
             Slain by an ogre
             ... wielding a +0 giant spiked club
              (28 damage)
             ... on level 4 of the Dungeon.
             The game lasted 00:12:03 (3032 turns).

Grinner the Ducker (Spriggan Transmuter)            Turns: 3032, Time: 00:12:03

Health: -3/25      AC:  2    Str:  7    XL:     5   Next: 45%
Magic:  17/20      EV: 24    Int: 14    God:
Gold:   185        SH:  0    Dex: 22    Spells: 3 memorised, 4 levels left

rFire  . . .     SeeInvis +       - Unarmed
rCold  . . .     Gourm    .     (armour currently unavailable)
rNeg   . . .     Faith    +     (shield currently unavailable)
rPois  x         Spirit   .     (helmet currently unavailable)
rElec  .         Reflect  .     (cloak currently unavailable)
rCorr  .         Harm     .     (gloves unavailable)
MR     .....                    (boots unavailable)
Stlth  +++.......               e - amulet of faith
                                (no ring)
                                p - ring of magical power

@: spider-form (expiring)
A: unfitting armour, see invisible, herbivore 3, (speed 0), slow metabolism 2
a: End Transformation


You were on level 4 of the Dungeon.
You were not hungry.
You were a venomous arachnid creature.
You visited 1 branch of the dungeon, and saw 4 of its levels.

You collected 185 gold pieces.

Inventory:

Missiles
 a - 12 arrows
Armour
 r - a +0 robe of fire resistance (melded)
Jewellery
 e - an amulet of faith (around neck)
 p - a ring of magical power (left front leg)
Scrolls
 f - a scroll of noise {unknown}
 i - a scroll of amnesia
 o - a scroll of blinking {unknown}
 q - 2 scrolls of fog {unknown}
 s - a scroll of enchant armour {unknown}
 u - 2 scrolls of enchant weapon
Potions
 g - 2 potions of curing {unknown}
 j - a potion of berserk rage
 l - 2 potions of agility {unknown}
 m - 2 potions of flight {unknown}
 n - a potion of brilliance
Books
 c - a book of Changes

   Spells                             Type                      Level
   a - Beastly Appendage              Transmutation                1
   b - Sticks to Snakes               Transmutation                2
   c - Spider Form                    Transmutation/Poison         3
   d - Ice Form                       Ice/Transmutation            4
   e - Blade Hands                    Transmutation                5
 t - a book of Necromancy

   Spells                             Type                      Level
   a - Pain                           Necromancy                   1
   b - Animate Skeleton               Necromancy                   1
   c - Vampiric Draining              Necromancy                   3
   d - Regeneration                   Charms/Necromancy            3
   e - Animate Dead                   Necromancy                   4
   f - Control Undead                 Necromancy                   4
Comestibles
 d - 4 bread rations
 h - 2 fruits


   Skills:
 - Level 0.7 Fighting
 + Level 4.4 Dodging
 + Level 3.4 Stealth
 * Level 3.3 Unarmed Combat
 + Level 3.6 Spellcasting
 + Level 0.6 Necromancy
 + Level 3.1 Transmutations
 * Level 1.4 Poison Magic


You had 4 spell levels left.
You knew the following spells:

 Your Spells              Type           Power        Failure   Level  Hunger
c - Vampiric Draining     Necr           #.........   69%         3    ###....
x - Spider Form           Tmut/Pois      #.........   45%         3    ###....
z - Beastly Appendage     Tmut           ##....       17%         1    None


Dungeon Overview and Level Annotations

Branches:
Dungeon (4/15)
 Temple: D:4-7

Altars:
Makhleb

Annotations:
D:3 RoderickthRed's ghost, amateur DrBe


Innate Abilities, Weirdness & Mutations

You are very small and have problems with some larger weapons.
You are too small for most types of armour.
You have supernaturally acute eyesight. (SInv)
You are a herbivore.
((You cover ground extremely quickly.))
You need consume almost no food.


Message History

You start resting.
HP restored.
u - 2 scrolls of enchant weapon (gained 1)
d - 4 bread rations (gained 1)
An ogre comes into view. It is wielding a giant spiked club.
The ogre shouts!
You see here a scroll of enchant weapon.
Casting: Beastly Appendage
Confirm with . or Enter, or press ? or * to list all spells.
You turn into a venomous arachnid creature.
Your +0 robe of fire resistance melds into your body.
You feel less resistant to fire.
You hit the ogre.
The ogre is poisoned.
The ogre is lightly wounded.
You hit the ogre.
The ogre looks as sick as possible!
The ogre is moderately wounded.
Your transformation is almost over.
The ogre hits you with a giant spiked club!!
Ouch! That really hurt!
You die...

########.#.#.#s.
########.#.#
...........#
.#####.....# .# #.#.#.#
# .# ###.#.#.# #.
.###...#.#.#.#.###
.................#
.###.###########s#####.
.#
#............O......#
.#
#...##########$####.#
.# #.......# .# ##
#.......# .. ##......#
..# #......# ..#
#......# ... #......#


You could see an ogre.

Vanquished Creatures
  A scorpion (D:4)
  A centaur skeleton (D:4)
  4 adders
  3 worms (D:2)
  3 dart slugs (D:1)
  3 ball pythons (D:2)
  5 giant cockroaches
  7 goblins
  10 hobgoblins
  2 jackals (D:2)
  6 kobolds
  2 quokkas (D:2)
  7 bats
  6 frilled lizards
  6 rats
66 creatures vanquished.

Notes
Turn   | Place    | Note
-------+----------+-------------------------------------------
     0 | D:1      | Grinner the Spriggan Transmuter began the quest for the Orb.
     0 | D:1      | Reached XP level 1. HP: 9/9 MP: 5/5
   407 | D:1      | Reached XP level 2. HP: 14/14 MP: 4/6
   485 | D:1      | Reached skill level 1 in Stealth
   978 | D:1      | Reached XP level 3. HP: 17/17 MP: 6/8
   983 | D:1      | Learned a level 3 spell: Spider Form
  1273 | D:2      | Found a burning altar of Makhleb.
  1273 | D:2      | Noticed a cacodemon
  1278 | D:2      | Noticed a smoke demon
  1278 | D:2      | Noticed an orange demon
  1501 | D:2      | Reached skill level 4 in Dodging
  1523 | D:2      | Reached XP level 4. HP: 5/21 MP: 3/9
  2322 | D:3      | Learned a level 3 spell: Vampiric Draining
  2508 | D:3      | Noticed RoderickthRed's ghost (amateur DrBe)
  2778 | D:4      | Reached skill level 1 in Poison Magic
  2778 | D:4      | Reached XP level 5. HP: 18/25 MP: 11/11
  3028 | D:4      | Noticed an ogre
  3032 | D:4      | Slain by an ogre

Skill      XL: |  1  2  3  4 |
---------------+-------------+-----
Stealth        | 1 2 3 |  3.4
Spellcasting   | 3 |  3.6
Dodging        | 4 |  4.4
Unarmed Combat | 3 |  3.3
Transmutations | 3 |  3.1
Poison Magic   | 1 |  1.4
Fighting       | |  0.7
Necromancy     | |  0.6

Action                   |  1- 3 |  4- 6 || total
-------------------------+-------+-------++-------
Melee: Unarmed           |   167 |   122 ||   289
       Kick              |    21 |     3 ||    24
       Headbutt          |     7 |     8 ||    15
       Punch             |     1 |       ||     1
 Cast: Beastly Appendage |    18 |    10 ||    28
       Spider Form       |     5 |     6 ||    11
  Use: Potion            |     1 |     1 ||     2
       Scroll            |       |     6 ||     6
 Stab: Sleeping          |     5 |     2 ||     7
  Eat: Bread ration      |       |     1 ||     1
Armor: Robe              |    13 |     7 ||    20
       Skin              |     3 |     1 ||     4
Dodge: Dodged            |   151 |   101 ||   252
